 Dungeon Crawl Stone Soup version 0.22-a0-407-gb098539 (webtiles) character file.

66328 dstrtnsr the Severer (level 14, 0/137 HPs)
             Began as a Minotaur Berserker on May 9, 2018.
             Was a High Priest of Trog.
             Slain by a naga ritualist
             ... wielding a +4 scimitar of venom
              (4 damage)
             ... on level 4 of the Snake Pit.
             The game lasted 00:20:15 (19879 turns).

dstrtnsr the Severer (Minotaur Berserker)          Turns: 19879, Time: 00:20:16

Health: 0/137      AC: 20    Str: 26    XL:     14   Next: 78%
Magic:  31/31      EV:  9    Int:  4    God:    Trog [*****.]
Gold:   759        SH: 19    Dex: 14    Spells: 13/13 levels left

rFire    . . .     SeeInvis .   o - +0 broad axe (flame)
rCold    . . .     Gourm    .   u - +2 shield
rNeg     . . .     Faith    .   H - +0 plate armour
rPois    x         Spirit   .   (helmet restricted)
rElec    .         Reflect  +   c - +1 cloak
rCorr    .         Harm     .   (no gloves)
MR       +++..                  n - +1 pair of boots
Stlth    ..........             p - +4 amulet of reflection
HPRegen  1.32/turn              l - ring "Uxeiczea" {MP+9 Dex+3}
MPRegen  0.22/turn              y - ring of magical power

@: lethally poisoned (0 -> -5), poison vulnerable, berserk cooldown,
regenerating, slowed, constricted, very slow
A: retaliatory headbutt, horns 2
a: Berserk, Trog's Hand, Brothers in Arms, Renounce Religion


You were on level 4 of the Snake Pit.
You worshipped Trog.
Trog was extremely pleased with you.
You were not hungry.

You visited 3 branches of the dungeon, and saw 22 of its levels.

You collected 987 gold pieces.
You spent 228 gold pieces at shops.

Inventory:

Hand Weapons
 a - a +0 war axe
 o - a +0 broad axe of flaming (weapon)
 w - a +1 hand axe of flaming
 F - a +0 broad axe
 G - a +4 executioner's axe of flaming
Missiles
 s - 2 throwing nets (quivered)
Armour
 c - a +1 cloak (worn)
 n - a +1 pair of boots (worn)
 u - a +2 shield (worn)
 H - a +0 plate armour (worn)
Jewellery
 l - the ring "Uxeiczea" (left hand) {MP+9 Dex+3}
   (You found it on level 9 of the Dungeon)

   [ring of magical power]

   It affects your dexterity (+3).
   It affects your magic capacity (+9).
 p - a +4 amulet of reflection (around neck)
 y - a ring of magical power (right hand)
Wands
 C - a wand of acid (7)
Scrolls
 b - 3 scrolls of magic mapping
 d - 4 scrolls of remove curse {@r2}
 g - 8 scrolls of teleportation {!d}
 k - 2 scrolls of vulnerability
 t - a scroll of enchant weapon {unknown}
 A - a scroll of fear {unknown}
 B - a scroll of blinking {unknown}
 I - a scroll of acquirement {unknown}
 J - a scroll of enchant armour
 L - a scroll of torment {unknown}
 M - a scroll of holy word {unknown}
Potions
 f - 3 potions of invisibility
 h - a potion of cancellation
 i - a potion of agility
 j - 3 potions of haste
 m - 4 potions of mutation
 q - 3 potions of flight
 r - a potion of resistance
 v - 2 potions of heal wounds
 x - 2 potions of curing {@q1}
 z - a potion of magic {unknown}
 D - 2 potions of brilliance
 E - 3 potions of lignification
 K - a potion of might
Comestibles
 e - 19 rations {!d}


   Skills:
 + Level 16.1 Fighting
 - Level 18.0 Axes
 + Level 11.8 Armour
 + Level 11.0 Dodging
 + Level 10.2 Shields


You had 13 spell levels left.
You didn't know any spells.

Dungeon Overview and Level Annotations

Branches:
Dungeon (12/15)              Lair (6/6) D:11         Shoals (0/4) Lair:2
  Snake (4/4) Lair:2        Slime (0/5) Lair:5          Orc (0/2) D:10
 Temple: D:4-7

Altars:
Nemelex Xobeh
Okawaru
Yredelemnul
Jiyva

Shops:
D:4 (   D:10 !   D:11 :%[[

Annotations:
D:1 1 runed door
D:12 2 runed doors
Lair:1 exclusion: oklob plant
Lair:4 exclusion: oklob plant


Innate Abilities, Weirdness & Mutations

You reflexively headbutt those who attack you in melee.
You have a pair of horns on your head.


Message History

Unknown command.
You eat one of the 20 rations {!d}.
That ration really hit the spot!
You start resting.
A naga ritualist comes into view. It is wielding a scimitar of venom.
A naga ritualist is nearby!
The naga ritualist shouts!
A naga ritualist is nearby!
A naga ritualist is nearby!
A red film seems to cover your vision as you go berserk!
You feel yourself moving faster!
You feel mighty!
You feel a lot more hungry.
The naga ritualist points at you and mumbles some strange words.
You feel yourself grow more vulnerable to poison.
You feel a strong urge to attack something.
A nagaraja comes into view. It is wielding a spear.
The nagaraja shouts!
The naga ritualist points at you and mumbles some strange words.
The lance of force hits you!
You are knocked back by the lance of force.
You feel your anger nearly subside.
You are no longer berserk.
You are exhausted.
You feel yourself slow down. The naga ritualist spits poison at you.
The splash of poison reflects off an invisible shield around you!
The splash of poison hits the naga ritualist.
The nagaraja mumbles some strange words.
The nagaraja seems to speed up.
You hit the naga ritualist. You burn the naga ritualist.
You headbutt the naga ritualist!
The naga ritualist is moderately wounded.
You barely miss the naga ritualist. You headbutt the naga ritualist!
The naga ritualist is heavily wounded.
The naga ritualist hits you but does no damage.
You are poisoned.
The naga ritualist grabs you. The naga ritualist constricts you.
Your shield and plate armour prevent you from hitting the naga ritualist.
You headbutt the naga ritualist, but do no damage.
The naga ritualist is heavily wounded.
You feel sick.
The naga ritualist mumbles some strange words.
The naga ritualist begins to radiate toxic energy.
The naga ritualist constricts you.
The nagaraja hits you but does no damage.
Your plate armour prevents you from hitting the naga ritualist.
You headbutt the naga ritualist.
The naga ritualist is heavily wounded.
You feel sick.
You are more poisoned.
The nagaraja hits you from afar with a spear.
The naga ritualist spits poison at you. The splash of poison hits you!
You are more poisoned.
* * * LOW HITPOINT WARNING * * *
The naga ritualist constricts you.
You are too injured to fight recklessly!
You are too injured to fight recklessly!
You are too injured to fight recklessly!
You are too injured to fight recklessly!
You are too injured to fight recklessly!
Unknown command.
Your skin crawls.
You feel resistant to hostile enchantments.
You feel somewhat more hungry.
You feel very sick.
* * * LOW HITPOINT WARNING * * *
You are more poisoned.
* * * LOW HITPOINT WARNING * * *
You are more poisoned.
The nagaraja hits you from afar with a spear.
* * * LOW HITPOINT WARNING * * *
You block the naga ritualist's attack. The naga ritualist constricts you.
The nagaraja hits you from afar with a spear!
* * * LOW HITPOINT WARNING * * *
You block the nagaraja's attack.
The naga ritualist hits you but does no damage.
You are lethally poisoned!
The naga ritualist constricts you.
Unknown command.
Okay, then.
Your troll goes berserk!
You feel somewhat more hungry.
* * * LOW HITPOINT WARNING * * *
You feel very sick.
* * * LOW HITPOINT WARNING * * *
You are more poisoned.
Your troll is poisoned.
You block the nagaraja's attack. x2; You block the naga ritualist's attack.
The naga ritualist constricts you.
Unknown command.
You feel better.
* * * LOW HITPOINT WARNING * * *
You are poisoned.
* * * LOW HITPOINT WARNING * * *
You are more poisoned.
Your troll looks even sicker.
The naga ritualist's toxic aura wanes.
The nagaraja barely misses you. The naga ritualist spits poison at you.
The splash of poison hits you!
You are lethally poisoned!
You die...

***,,,,,,,,,,,,,,,,..............
,****,,,,,,,,,,,,,,..............
,,****,,,****,,,,,,..............
,,,******* **,,,,,....N.........
,,,,** ***,,,..............
*,,,,** ****,............#
*,,,,,***#####** ***###..†...###
**,,,,**,......#########....###
*,,,,,,,.....NN@..........##
**,,,,,,......T.........###
*,,,,,,...............##
**,,,,,..............##
**,,,,..####.....#### *****#**
#######


You could see a nagaraja, a naga ritualist and a friendly troll (berserk).

Vanquished Creatures
  Kirke (Lair:5)
  A nagaraja (Snake:4)
  Louise (Snake:2)
  Harold (Lair:1)
  5 naga warriors
  6 hydras
  A merfolk avatar (Lair:6)
  5 anacondas
  2 two-headed ogres
  2 naga sharpshooters
  3 shock serpents
  Nergalle (D:12)
  2 salamander mystics (Snake:3)
  2 sea snakes (Lair:6)
  An unseen horror (D:12)
  A naga ritualist (Snake:3)
  Pikel (D:6)
  3 mana vipers
  5 salamanders
  A manticore (Lair:6)
  3 centaur zombies
  4 elephants (Lair:6)
  A guardian serpent (Snake:4)
  7 black mambas
  A torpor snail (Lair:2)
  5 naga magi
  8 spiny frogs
  A kobold demonologist (D:11)
  5 rime drakes
  3 komodo dragons
  3 trolls
  Grinder (D:5)
  7 polar bears
  2 hornets (Lair:6)
  4 blink frogs
  5 dream sheep (Lair:6)
  2 hippogriffs (D:11)
  A shadow (D:12)
  2 spriggans
  A wyvern (Lair:6)
  40 yaks
  4 basilisks
  3 hogs (Lair:5)
  2 vampire mosquitoes (D:12)
  2 hungry ghosts
  16 nagas
  A warg (D:10)
  4 porcupines
  14 water moccasins
  2 black bears
  5 sky beasts
  5 orc warriors
  An ice beast (D:11)
  2 eyes of draining (D:11)
  2 phantoms
  A necrophage (D:6)
  29 wolves
  6 centaurs
  7 ogres
  10 crocodiles
  10 big kobolds (D:11)
  8 bullfrogs
  A scorpion (D:11)
  A wyvern skeleton (D:11)
  4 wights (D:9)
  5 killer bees (D:7)
  3 howler monkeys
  2 crimson imps
  2 jellies
  4 hounds
  A gnoll shaman (D:8)
  6 orc priests
  Crazy Yiuf (D:2)
  A bullfrog skeleton (D:10)
  A centaur skeleton (D:11)
  4 iguanas
  21 orc wizards
  Terence (D:2)
  3 worker ants
  2 hound zombies
  A hound skeleton (D:4)
  A worker ant zombie (D:11)
  12 gnolls
  11 adders
  2 oozes (D:2)
  2 adder zombies
  2 worms
  A dart slug (D:3)
  4 leopard geckos
  56 orcs
  4 ball pythons
  4 bats (D:2)
  6 goblins
  3 hobgoblins
  11 jackals
  6 kobolds
  8 quokkas
  2 frilled lizards (D:4)
  A leopard gecko zombie (D:8)
  3 rats
  A rat zombie (D:7)
  A fungus (Lair:2)
  A plant (Lair:5)
491 creatures vanquished.

Vanquished Creatures (collateral kills)
  A naga warrior (Snake:3)
  A harpy (Lair:6)
  A salamander (Snake:3)
  A guardian serpent (Snake:3)
  2 blink frogs (Lair:2)
  A naga (Snake:3)
  A centaur (Lair:2)
  A wolf (Lair:6)
9 creatures vanquished.

Vanquished Creatures (others)
  A naga warrior (Snake:3)
  An unseen horror (D:11)
  A big kobold (D:11)
  4 jackals (D:6)
  3 kobolds (D:11)
  5 fungi
  23 plants
38 creatures vanquished.

Grand Total: 538 creatures vanquished

Notes
Turn   | Place    | Note
-------+----------+-------------------------------------------
     0 | D:1      | dstrtnsr the Minotaur Berserker began the quest for the Orb.
     0 | D:1      | Reached XP level 1. HP: 19/19 MP: 0/0
     1 | D:1      | Found a runed door.
   225 | D:2      | Reached skill level 4 in Axes
   240 | D:2      | Reached XP level 2. HP: 22/27 MP: 1/1
   442 | D:2      | Noticed Terence
   444 | D:2      | Found a sparkling altar of Nemelex Xobeh.
   451 | D:2      | HP: 10/27 [Terence/flail of crushing (1)]
   454 | D:2      | Killed Terence
   454 | D:2      | Reached skill level 5 in Axes
   454 | D:2      | Reached XP level 3. HP: 13/34 MP: 2/2
   723 | D:2      | Found a runed door.
   860 | D:2      | Noticed Crazy Yiuf
   867 | D:2      | Killed Crazy Yiuf
   867 | D:2      | Reached XP level 4. HP: 41/41 MP: 3/3
   982 | D:3      | Reached ** piety under Trog
  1460 | D:3      | Reached skill level 6 in Axes
  1620 | D:4      | Reached XP level 5. HP: 46/47 MP: 4/4
  1713 | D:4      | Found Ibriyhur's Weapon Shoppe.
  1740 | D:4      | Reached skill level 5 in Fighting
  1799 | D:4      | HP: 16/48 [gnoll/halberd (9)]
  1804 | D:4      | Reached skill level 7 in Axes
  2058 | D:4      | Reached XP level 6. HP: 56/56 MP: 5/5
  2437 | D:4      | Found an iron altar of Okawaru.
  2657 | D:5      | Entered Level 5 of the Dungeon
  2854 | D:5      | Noticed Grinder
  2865 | D:5      | Reached skill level 8 in Axes
  2869 | D:5      | Killed Grinder
  2869 | D:5      | Reached XP level 7. HP: 64/64 MP: 6/6
  2961 | D:5      | Reached skill level 9 in Axes
  3063 | D:5      | Reached *** piety under Trog
  3306 | D:6      | Noticed Pikel
  3312 | D:6      | Killed Pikel
  3312 | D:6      | Reached skill level 10 in Axes
  3312 | D:6      | Reached XP level 8. HP: 74/74 MP: 7/7
  3366 | D:6      | Reached skill level 11 in Axes
  3836 | D:7      | Reached XP level 9. HP: 42/83 MP: 8/8
  4067 | D:7      | Reached skill level 12 in Axes
  4178 | D:7      | HP: 32/83 [centaur (6)]
  4183 | D:7      | HP: 25/84 [poisoned by a killer bee]
  4188 | D:7      | HP: 21/84 [poisoned by a killer bee]
  4193 | D:7      | HP: 18/84 [poisoned by a killer bee]
  4199 | D:7      | HP: 17/84 [poisoned by a killer bee]
  4205 | D:7      | HP: 16/84 [poisoned by a killer bee]
  4213 | D:7      | HP: 16/84 [poisoned by a killer bee]
  4575 | D:7      | Reached **** piety under Trog
  4765 | D:7      | Reached skill level 13 in Axes
  4828 | D:8      | Reached skill level 10 in Fighting
  4831 | D:8      | HP: 49/127 [gnoll/spear (5)]
  5307 | D:9      | Reached XP level 10. HP: 74/94 MP: 9/9
  5434 | D:9      | Got a brightly glowing golden ring
  5502 | D:9      | Identified the ring "Uxeiczea" {MP+9 Dex+3} (You found it on level 9 of the Dungeon)
  5580 | D:9      | Reached skill level 14 in Axes
  5989 | D:9      | Got a pair of ichor-stained boots
  5995 | D:9      | Identified the cursed -4 pair of boots "Zontoqei" {Int+9 Stlth+} (You found it on level 9 of the Dungeon)
  6237 | D:10     | Entered Level 10 of the Dungeon
  6357 | D:10     | Found a staircase to the Orcish Mines.
  6416 | D:10     | Reached ***** piety under Trog
  6550 | D:10     | Paralysed by an orc wizard for 4 turns
  6651 | D:10     | Found Nelin's Distillery.
  6659 | D:10     | Bought a potion of curing for 36 gold pieces
  6659 | D:10     | Bought a potion of curing for 36 gold pieces
  6659 | D:10     | Bought a potion of heal wounds for 60 gold pieces
  6659 | D:10     | Bought a potion of flight for 36 gold pieces
  6659 | D:10     | Bought a potion of heal wounds for 60 gold pieces
  6702 | D:10     | Noticed a two-headed ogre
  6707 | D:10     | Killed a two-headed ogre
  6707 | D:10     | Reached skill level 15 in Axes
  7775 | D:11     | Reached XP level 11. HP: 104/104 MP: 10/10
  7791 | D:11     | Reached skill level 16 in Axes
  7850 | D:11     | Killed an unseen horror
  7933 | D:11     | Noticed a two-headed ogre
  7948 | D:11     | HP: 44/156 [two-headed ogre/giant club (23)]
  7951 | D:11     | Killed a two-headed ogre
  7951 | D:11     | HP: 11/156 [orc warrior/trident (20)]
  8678 | D:6      | Received a gift from Trog
  9150 | D:12     | Killed an unseen horror
  9328 | D:12     | HP: 36/105 [shadow (9)]
  9653 | D:12     | HP: 54/157 [yak (10)]
  9655 | D:12     | HP: 16/157 [yak (12)]
 10003 | D:12     | Noticed Nergalle
 10010 | D:12     | Killed Nergalle
 10135 | D:12     | Found a runed door.
 10135 | D:12     | Noticed an ice dragon
 10136 | D:12     | Noticed a fire dragon
 10137 | D:12     | Noticed an ice dragon
 10138 | D:12     | Noticed a fire dragon
 10139 | D:12     | Found the +2 shield of Resistance {rF+ rC+ MR+}
 10248 | D:12     | Found a runed door.
 10829 | D:11     | Found Daaqooc's Antique Armour Emporium.
 10847 | D:11     | Found Ismugg's Antique Armour Emporium.
 10986 | D:11     | Found Beusomat's Food Boutique.
 11171 | D:11     | Reached skill level 17 in Axes
 11213 | D:11     | Found Ikuemapp's Book Shoppe.
 11491 | D:11     | Found a staircase to the Lair.
 11497 | Lair:1   | Entered Level 1 of the Lair of Beasts
 11547 | Lair:1   | Reached skill level 5 in Armour
 11560 | Lair:1   | Reached XP level 12. HP: 115/115 MP: 11/11
 11712 | Lair:1   | Noticed Harold
 11720 | Lair:1   | HP: 46/115 [Harold/long sword (10)]
 11723 | Lair:1   | Reached skill level 5 in Dodging
 11723 | Lair:1   | Killed Harold
 11725 | Lair:1   | HP: 36/115 [poisoned by a spiny frog]
 11730 | Lair:1   | HP: 31/115 [poisoned by a spiny frog]
 11735 | Lair:1   | HP: 30/115 [poisoned by a spiny frog]
 11740 | Lair:1   | HP: 30/115 [poisoned by a spiny frog]
 11745 | Lair:1   | HP: 31/115 [poisoned by a spiny frog]
 11750 | Lair:1   | HP: 29/115 [poisoned by a spiny frog]
 11755 | Lair:1   | HP: 29/115 [poisoned by a spiny frog]
 11762 | Lair:1   | HP: 29/115 [poisoned by a spiny frog]
 11770 | Lair:1   | HP: 29/115 [poisoned by a spiny frog]
 12127 | Lair:1   | Noticed a four-headed hydra
 12130 | Lair:1   | Killed a two-headed hydra
 12207 | Lair:1   | Found a basalt altar of Yredelemnul.
 12524 | Lair:2   | HP: 31/115 [polar bear (19)]
 12892 | Lair:2   | HP: 46/115 [crocodile (12)]
 12896 | Lair:2   | HP: 17/115 [centaur/arrow (6)]
 12902 | Lair:2   | HP: 33/115 [blink frog (15)]
 12906 | Lair:2   | HP: 15/115 [centaur/arrow (2)]
 12911 | Lair:2   | HP: 11/115 [centaur/arrow (3)]
 12916 | Lair:2   | HP: 36/115 [centaur (2)]
 13703 | Lair:2   | Reached skill level 1 in Shields
 13707 | Lair:2   | Reached skill level 18 in Axes
 14113 | Lair:2   | Found a staircase to the Snake Pit.
 14138 | Lair:2   | Found a staircase to the Shoals.
 14837 | Lair:3   | Noticed an eight-headed hydra
 14846 | Lair:3   | Killed a six-headed hydra
 14929 | Lair:3   | Noticed a seven-headed hydra
 14936 | Lair:3   | Killed a three-headed hydra
 15621 | Lair:4   | Reached XP level 13. HP: 114/124 MP: 12/12
 15922 | Lair:5   | Found a staircase to the Slime Pits.
 15923 | Lair:5   | Found a viscous altar of Jiyva.
 15970 | Lair:5   | Reached skill level 5 in Shields
 16117 | Lair:5   | Noticed Kirke
 16127 | Lair:5   | Killed Kirke
 16379 | Lair:6   | Entered Level 6 of the Lair of Beasts
 16433 | Lair:6   | HP: 49/125 [elephant (7)]
 16439 | Lair:6   | HP: 49/125 [poisoned by a sea snake]
 16444 | Lair:6   | HP: 50/125 [poisoned by a sea snake]
 16465 | Lair:6   | HP: 46/125 [harpy (9)]
 16473 | Lair:6   | HP: 28/125 [komodo dragon (20)]
 16912 | Lair:6   | Reached skill level 15 in Fighting
 16924 | Lair:6   | Identified Sif Muna's Volume of the Glacier
 16967 | Lair:6   | Reached skill level 10 in Armour
 17113 | Snake:1  | Entered Level 1 of the Snake Pit
 17139 | Snake:1  | HP: 49/126 [naga warrior/short sword (3)]
 17144 | Snake:1  | HP: 43/127 [poisoned by a naga warrior (splash of poison)]
 17149 | Snake:1  | HP: 38/127 [poisoned by a naga warrior (splash of poison)]
 17154 | Snake:1  | HP: 35/127 [poisoned by a naga warrior (splash of poison)]
 17160 | Snake:1  | HP: 35/127 [poisoned by a naga warrior (splash of poison)]
 17166 | Snake:1  | HP: 35/127 [poisoned by a naga warrior (splash of poison)]
 17382 | Snake:1  | Reached XP level 14. HP: 84/135 MP: 13/13
 17495 | Snake:1  | HP: 48/135 [anaconda (13)]
 17918 | Snake:2  | Noticed Louise
 17930 | Snake:2  | Killed Louise
 18068 | Snake:3  | Reached skill level 10 in Dodging
 18082 | Snake:3  | HP: 53/135 [poisoned by a naga mage (bolt of poison)]
 18085 | Snake:3  | HP: 25/135 [naga mage/halberd (2)]
 18158 | Snake:3  | HP: 66/202 [naga/hand axe of draining (6)]
 18333 | Snake:3  | HP: 54/136 [naga ritualist/Olgreb's Toxic Radiance (3)]
 18338 | Snake:3  | HP: 39/136 [poisoned by a naga ritualist (splash of poison)]
 19123 | Snake:4  | Entered Level 4 of the Snake Pit
 19218 | Snake:4  | HP: 81/205 [naga warrior/long sword of freezing (4)]
 19222 | Snake:4  | HP: 40/137 [poisoned by a naga warrior (splash of poison)]
 19227 | Snake:4  | HP: 33/137 [poisoned by a naga warrior (splash of poison)]
 19232 | Snake:4  | HP: 28/137 [poisoned by a naga warrior (splash of poison)]
 19237 | Snake:4  | HP: 26/137 [poisoned by a naga warrior (splash of poison)]
 19245 | Snake:4  | HP: 27/137 [poisoned by a naga warrior (splash of poison)]
 19253 | Snake:4  | HP: 27/137 [poisoned by a naga warrior (splash of poison)]
 19446 | Snake:4  | Reached skill level 10 in Shields
 19457 | Snake:4  | HP: 54/137 [poisoned by a naga mage (bolt of poison)]
 19462 | Snake:4  | HP: 50/137 [poisoned by a naga (splash of poison)]
 19467 | Snake:4  | HP: 48/137 [poisoned by a naga (splash of poison)]
 19472 | Snake:4  | HP: 48/137 [poisoned by a naga (splash of poison)]
 19479 | Snake:4  | HP: 49/137 [poisoned by a naga (splash of poison)]
 19783 | Snake:4  | Noticed a nagaraja
 19794 | Snake:4  | HP: 51/137 [nagaraja/flail (5)]
 19795 | Snake:4  | Killed a nagaraja
 19799 | Snake:4  | HP: 51/137 [poisoned by a nagaraja (splash of poison)]
 19804 | Snake:4  | HP: 52/137 [poisoned by a nagaraja (splash of poison)]
 19868 | Snake:4  | Noticed a nagaraja
 19876 | Snake:4  | HP: 54/137 [poisoned by a naga ritualist]
 19877 | Snake:4  | HP: 25/137 [nagaraja/spear (3)]
 19877 | Snake:4  | HP: 10/137 [nagaraja/spear (15)]
 19878 | Snake:4  | HP: 2/137 [naga ritualist/Olgreb's Toxic Radiance (4)]
 19879 | Snake:4  | Slain by a naga ritualist

Vault maps used:
D:1:      dpeg_arrival_caged_fury
D:2:      nemelex_xobeh_ov_fountains_minmay, first_ration,
          uniq_crazy_yiuf_cottage, uniq_terence
D:4:      kennysheep_little_box, cheibrodos_sewer_entry_bend, serial_shops,
          nicolae_shop_stone, kennysheep_crisscross
D:5:      old_standard_altar, serial_shops, shop, shop, uniq_grinder
D:6:      uniq_pikel
D:7:      minitemple, temple_green, enter_ossuary_4, nrook_mini_backslash,
          the_bakery
D:8:      lemuel_hellish_altar, uniq_maurice
D:10:     erik_orc_3, serial_shops, shop
D:11:     lair_entry_dummy, serial_shops, nicolae_shop_crystal, shop, shop,
          nicolae_shop_waterfront, special_room, minmay_crystal_room,
          lemuel_nasty_fountain
D:12:     minmay_guarded_unrand_resistance, uniq_nergalle
Lair:1:   minmay_lair_oklob_tunnel, basic_altar, grunt_forest_stairs_basic,
          uniq_harold
Lair:2:   minmay_shoals_entry_centaurs, dummy_snake_entry, portal_ice_cave_rime,
          grunt_forest_stairs_clearing
Lair:3:   grunt_megastairs_4, serial_bayou_shore_a
Lair:4:   minmay_lair_oklob_chamber, uniq_rupert
Lair:5:   slime_altar_1, uniq_kirke
Lair:6:   gammafunk_lair_ancient_temple, eino_small_chamber_without_monster,
          hangedman_lair_unloving_vines, grunt_forest_large_clearings
Snake:1:  minmay_snake_river, basic_altar, minmay_shop_grove, uniq_aizul
Snake:2:  serial_shops, shop, nicolae_shop_crystal,
          nicolae_shop_temple_entry_statues_fountains, shop_fountains,
          nicolae_shop_waterfront, serial_bayou_shore_b, serial_bayou_shore_b,
          uniq_louise, uniq_jorgrun
Snake:3:  serial_shops, nicolae_shop_overgrown_old_shop
Snake:4:  grunt_snake_rune_spirals

Skill      XL: |  1  2  3  4  5  6  7  8  9 10 11 12 13 14 |
---------------+-------------------------------------------+-----
Axes           | 4 5 6 7 8 10 11 13 15 17 18 | 18.0
Fighting       | 4 5 6 8 9 10 12 13 14 15 16 | 16.1
Armour         | 5 7 10 11 | 11.8
Dodging        | 4 7 9 11 | 11.0
Shields        | 4 8 10 | 10.2

Action                   |  1- 3 |  4- 6 |  7- 9 | 10-12 | 13-15 || total
-------------------------+-------+-------+-------+-------+-------++-------
Melee: Hand axe          |    44 |     6 |       |       |       ||    50
       Headbutt          |     6 |    17 |    49 |   137 |   111 ||   320
       War axe           |       |    93 |   214 |   266 |       ||   573
       Executioner's axe |       |       |       |   155 |       ||   155
       Broad axe         |       |       |       |   105 |   443 ||   548
Invok: Berserk           |     1 |     2 |     5 |    16 |    11 ||    35
       Trog's Hand       |       |       |       |     3 |     6 ||     9
       Brothers in Arms  |       |       |       |     3 |     4 ||     7
Evoke: Wand              |       |       |       |     6 |       ||     6
  Use: Scroll            |       |     6 |     3 |    15 |     1 ||    25
       Potion            |       |       |       |     3 |     3 ||     6
 Stab: Sleeping          |       |     1 |       |       |       ||     1
  Eat: Chunk             |       |     8 |    17 |    30 |     7 ||    62
       Ration            |       |       |       |     7 |     6 ||    13
Armor: Animal skin       |    12 |    10 |       |       |       ||    22
       Chain mail        |       |    11 |   105 |   100 |       ||   216
       Plate armour      |       |       |       |   110 |   144 ||   254
Dodge: Dodged            |    27 |    50 |    66 |   135 |   123 ||   401
Block: Shield            |       |    11 |    71 |   165 |   340 ||   587
       Other             |       |       |       |     3 |       ||     3
       Reflection        |       |       |       |       |    16 ||    16

Table legend:
 A = Spawn XP
 B = Non-spawn XP
 C = Spawn XP percentage of total XP
 D = Spawn monster count
 E = Non-spawn monster count
 F = Spawn count percentage of total count
 G = Total turns spent on level
                    A         B        C        D         E        F      G
               +---------+---------+-------+---------+---------+-------+---------
         Total |       0 |   94755 |   0.0 |       0 |     499 |   0.0 | 19879
               +---------+---------+-------+---------+---------+-------+---------
           D:2 |       0 |     112 |   0.0 |       0 |      16 |   0.0 |   966
           D:3 |       0 |      76 |   0.0 |       0 |      19 |   0.0 |   732
           D:4 |       0 |     315 |   0.0 |       0 |      19 |   0.0 |   953
           D:5 |       0 |     745 |   0.0 |       0 |      21 |   0.0 |   462
           D:6 |       0 |    1940 |   0.0 |       0 |      27 |   0.0 |  1106
           D:7 |       0 |    1628 |   0.0 |       0 |      29 |   0.0 |  1180
           D:8 |       0 |     195 |   0.0 |       0 |      13 |   0.0 |   307
           D:9 |       0 |    2242 |   0.0 |       0 |      31 |   0.0 |  1172
          D:10 |       0 |    3838 |   0.0 |       0 |      49 |   0.0 |  1360
          D:11 |       0 |    4613 |   0.0 |       0 |      39 |   0.0 |  1738
          D:12 |       0 |    4386 |   0.0 |       0 |      20 |   0.0 |  1700
        Lair:1 |       0 |    4947 |   0.0 |       0 |      17 |   0.0 |  1278
        Lair:2 |       0 |    7237 |   0.0 |       0 |      36 |   0.0 |  1456
        Lair:3 |       0 |    4474 |   0.0 |       0 |      14 |   0.0 |  1047
        Lair:4 |       0 |    2463 |   0.0 |       0 |       6 |   0.0 |   490
        Lair:5 |       0 |    6048 |   0.0 |       0 |      18 |   0.0 |   513
        Lair:6 |       0 |   14976 |   0.0 |       0 |      56 |   0.0 |   647
       Snake:1 |       0 |    7398 |   0.0 |       0 |      19 |   0.0 |   805
       Snake:2 |       0 |    3184 |   0.0 |       0 |       4 |   0.0 |    67
       Snake:3 |       0 |   15920 |   0.0 |       0 |      32 |   0.0 |  1138
       Snake:4 |       0 |    8018 |   0.0 |       0 |      14 |   0.0 |   756
               +---------+---------+-------+---------+---------+-------+---------
